AoeStats
← fornies03

Four Lakes

510196228Analyzed
1v1 RM · 3d ago on Sep 29, 2026· 50m 50s· 2 players
Game mode
Random Map
Map size
Tiny (2 player)
Population
200
Speed
Normal
Resources
Standard
Victory
Conquest
Starting age
Dark Age
Ending age
Imperial Age
RankedLock teamsTeams togetherTeam positionsShared explorationLock speedFull tech treeHidden civsTurbo modeCheats
Victory
Defeat
🇪🇸 Britons · Spain
528
+15
🇵🇹 Goths · Portugal
508
-15
ageofkings
0:51 Loom
10:48 Feudal Age
12:13 Wheelbarrow
11:23 Town Watch
11:42 Horse Collar
13:46 Double-Bit Axe
15:15 Man-at-Arms
18:52 Forging
18:43 Scale Mail Armor
24:58 Castle Age
27:17 Husbandry
27:39 Bloodlines
30:07 Imperial Age
30:02 Scale Barding Armor
30:33 Iron Casting
30:33 Cavalier
46:53 Blast Furnace
46:14 Chain Barding Armor
48:07 Gold Mining
48:08 Stone Mining
49:08 Fletching
fornies03
3:48 Loom
13:43 Feudal Age
14:38 Feudal Age
16:25 Wheelbarrow
15:35 Town Watch
15:31 Horse Collar
15:37 Double-Bit Axe
16:52 Gold Mining
16:53 Stone Mining
17:50 Fishing Lines
20:59 Forging
20:49 Scale Mail Armor
20:40 Fletching
20:50 Padded Archer Armor
21:00 Man-at-Arms
21:27 Arson
23:48 Castle Age
25:23 Scale Barding Armor
25:43 Light Cavalry
26:24 Husbandry
30:14 Bow Saw
32:51 Hand Cart
32:37 Town Patrol
32:38 Heavy Plow
33:15 Gold Shaft Mining
32:43 Gillnets
33:42 Yeomen
34:12 Long Swordsman
34:12 Pikeman
34:38 Gambesons
34:53 Squires
35:41 Elite Skirmisher
41:52 Bodkin Arrow
42:12 Leather Archer Armor
42:32 Iron Casting
42:12 Chain Mail Armor
41:20 Crossbowman
46:41 Imperial Age
44:45 Ballistics
44:16 Guard Tower
44:36 Fortified Wall
44:22 Murder Holes
44:07 Treadmill Crane
44:38 Masonry
46:38 Scale Barding Armor
48:26 Chemistry
47:12 Arrowslits
48:02 Keep
47:33 Siege Engineers
46:53 Elite Longbowman
48:09 Hoardings
47:57 Conscription
47:19 Cavalier
48:08 Warwolf
48:36 Conscription
Connection lost

Rejoining the realm…

Still unreachable

The connection could not be restored.

Session expired

The server has moved on; the page needs a fresh start.